 Dungeon Crawl Stone Soup version 0.19.1 (webtiles) character file.

238 lolipop the Chopper (level 5, -2/40 HPs)
             Began as a Draconian Gladiator on Dec 25, 2016.
             Was an Initiate of Hepliaklqana.
             Killed from afar by an orc wizard (6 damage)
             ... with a puff of flame
             ... on level 4 of the Dungeon on Dec 26, 2016.
             The game lasted 00:27:35 (3447 turns).

lolipop the Chopper (Draconian Gladiator)           Turns: 3447, Time: 00:27:36

Health: -2/40      AC:  7    Str: 18    XL:     5   Next: 78%
Magic:  5/5        EV: 13    Int:  8    God:    Hepliaklqana [......]
Gold:   293        SH:  3    Dex: 12    Spells: 0 memorised, 4 levels left

rFire  . . .     SeeInvis .     a - +1 war axe
rCold  . . .     Gourm    .     (armour unavailable)
rNeg   . . .     Faith    .     A - +0 buckler
rPois  +         Spirit   .     b - +1 hat
rElec  .         Reflect  .     (no cloak)
rCorr  .         Harm     .     t - +0 pair of gloves
MR     .....                    (no boots)
Stlth  ++........               (no amulet)
                                (no ring)
                                g - ring of poison resistance

@: no status effects
A: unfitting armour, reduced essence, cold-blooded, AC +5
a: Recall Ancestor, Ancestor Identity, Renounce Religion


You were on level 4 of the Dungeon.
You worshipped Hepliaklqana.
Hepliaklqana was noncommittal.
You were not hungry.

You visited 1 branch of the dungeon, and saw 4 of its levels.

You collected 293 gold pieces.

Inventory:

Hand Weapons
 a - a +1 war axe (weapon)
 c - a +0 dagger
 k - a +0 dagger
 l - a +0 dagger
 n - a +0 hand axe
 p - a +0 dagger
 v - a +0 club
 w - a +0 dagger
 y - a +0 club
 B - a +0 mace
 C - a +0 whip
 G - a +0 quarterstaff
 K - a +0 whip
Missiles
 j - 2 tomahawks
 s - 38 arrows (quivered)
 u - 46 stones
 E - 20 sling bullets
Armour
 b - a +1 hat (worn)
 f - a +0 centaur barding
 i - a +0 ring mail
 q - a +0 robe
 t - a +0 pair of gloves (worn)
 x - a +0 plate armour
 z - a +0 plate armour
 A - a +0 buckler (worn)
 I - a +0 leather armour
 O - a +0 robe
Jewellery
 g - a ring of poison resistance (left hand)
 F - a cursed ring of loudness {unknown}
Scrolls
 H - a scroll of enchant weapon
 J - a scroll of amnesia
 L - a scroll of blinking {unknown}
 M - a scroll of identify
 N - a scroll of fear {unknown}
Potions
 e - 2 potions of mutation {unknown}
 h - 2 potions of degeneration
 m - a potion of flight {unknown}
 r - a potion of cure mutation {unknown}
 D - a potion of haste {unknown}
Comestibles
 d - a bread ration
 o - a slice of pizza
 P - a chunk of flesh


   Skills:
 + Level 3.0 Fighting
 + Level 5.2 Axes
 + Level 2.0 Throwing
 + Level 3.6 Dodging
 + Level 1.2 Stealth
 + Level 0.8 Shields


You had 4 spell levels left.
You didn't know any spells.

Dungeon Overview and Level Annotations

Branches:
Dungeon (4/15)
 Temple: D:4-7

Altars:
Ashenzari
Hepliaklqana
Nemelex Xobeh
Qazlal
Xom


Innate Abilities, Weirdness & Mutations

Your plain brown scales are hard. (AC +5)
You cannot fit into any form of body armour.
You are cold-blooded and may be slowed by cold attacks.
Your life essence is reduced. (-10% HP)


Message History

The orc wizard hits Aulala with a dagger.
Aulala is destroyed!
Things that are here:
a dagger; a robe Aulala is still trapped in memory!
You block the orc wizard's attack.
The orc priest calls upon Beogh to heal the orc wizard.
The orc wizard's wounds heal themselves!
The orc wizard hits you with a dagger.
* * * LOW HITPOINT WARNING * * *
Tossing away (i - inventory. (,) - cycle):
s - 38 arrows (quivered)
Press: ? - help, Shift-Dir - straight line, f - orc wizard
Aim: an orc wizard, wielding a dagger and wearing a robe (fast)
Okay, then.
Okay, then.
The orc wizard hits you with a dagger.
* * * LOW HITPOINT WARNING * * *
The orc wizard gestures at you while chanting.
The puff of flame hits you!
You die...

### #.#########
#.........# #@#######.#
#.# #.# ### ##o#######.#
..######### #..........#
#.........#####.o#..###..#
#.........#.........###..#
#....)...o#.###..#.......#
.....[.............)...>.#
..........#.#....#.#.#...#


You could see an orc priest and an orc wizard.

Vanquished Creatures
  A phantom (D:4)
  A bullfrog skeleton (D:3)
  An adder (D:3)
  A worm (D:3)
  The ghost of dscm the Ducker, a weakling OpMo (D:3)
  A leopard gecko (D:3)
  6 orcs
  2 giant cockroaches (D:1)
  8 goblins
  8 hobgoblins
  3 jackals (D:2)
  3 kobolds
  2 quokkas
  A ball python (D:1)
  4 bats
  3 frilled lizards
  9 rats
55 creatures vanquished.

Vanquished Creatures (collateral kills)
  An orc wizard (D:4)
  An adder (D:4)
  A dart slug (D:2)
  A leopard gecko (D:4)
  An orc (D:3)
  A bat (D:2)
  A giant cockroach (D:3)
  A hobgoblin (D:3)
  A frilled lizard (D:4)
  A goblin (D:3)
10 creatures vanquished.

Vanquished Creatures (others)
  An ancestor (D:4)
1 creature vanquished.

Grand Total: 66 creatures vanquished

Notes
Turn   | Place    | Note
-------+----------+-------------------------------------------
     0 | D:1      | lolipop the Draconian Gladiator began the quest for the Orb.
     0 | D:1      | Reached XP level 1. HP: 17/17 MP: 1/1
   579 | D:1      | Reached XP level 2. HP: 24/24 MP: 2/2
  1139 | D:2      | Found a hazy altar of Hepliaklqana.
  1148 | D:2      | Became a worshipper of Hepliaklqana the Forgotten
  1537 | D:2      | Reached XP level 3. HP: 26/26 MP: 3/3
  1738 | D:3      | Reached skill level 4 in Axes
  1827 | D:3      | Noticed dscm's ghost (weakling OpMo)
  1833 | D:3      | Killed dscm's ghost
  2016 | D:3      | Reached XP level 4. HP: 29/33 MP: 4/4
  2589 | D:3      | Found a shimmering altar of Xom.
  2590 | D:3      | Found a sparkling altar of Nemelex Xobeh.
  2600 | D:3      | Found a shattered altar of Ashenzari.
  2601 | D:3      | Found a stormy altar of Qazlal.
  3142 | D:4      | Noticed a phantom
  3171 | D:4      | Killed a phantom
  3171 | D:4      | Reached skill level 1 in Stealth
  3171 | D:4      | Reached XP level 5. HP: 32/40 MP: 5/5
  3394 | D:4      | Reached skill level 5 in Axes
  3447 | D:4      | Killed from afar by an orc wizard

Skill      XL: |  1  2  3  4  5 |
---------------+----------------+-----
Axes           | 4 5 |  5.2
Dodging        | 3 |  3.6
Throwing       | 2 |  2.0
Fighting       | 3 |  3.0
Stealth        | 1 |  1.2
Shields        | |  0.8

Action                   |  1- 3 |  4- 6 || total
-------------------------+-------+-------++-------
Melee: War axe           |    67 |    58 ||   125
       Tailslap          |     5 |     5 ||    10
Throw: Throwing net      |     5 |       ||     5
       Tomahawk          |     2 |       ||     2
Invok: Ancestor Identity |       |     3 ||     3
  Use: Scroll            |    11 |     1 ||    12
 Stab: Sleeping          |     1 |       ||     1
  Eat: Chunk             |     2 |       ||     2
       Beef jerky        |     1 |     1 ||     2
       Bread ration      |       |     1 ||     1
Armor: Skin              |    30 |    25 ||    55
Dodge: Dodged            |    47 |    34 ||    81
Block: Buckler           |     2 |    11 ||    13
